 Dungeon Crawl Stone Soup version 0.32-a0-43-g058985b245 (webtiles) character file.

Game seed: 2542245750045157861

42 PriceMaster the Firebug (level 3, 0/21 HPs)
             Began as an Octopode Fire Elementalist on Feb 3, 2024.
             Slain by a frilled lizard (2 damage)
             ... on level 2 of the Dungeon.
             The game lasted 00:02:10 (984 turns).

PriceMaster the Firebug (Octopode Fire Elementalist) Turns: 984, Time: 00:02:10

Health: 0/21       AC:  1    Str:  9    XL:     3   Next: 56%
Magic:  0/6        EV: 13    Int: 17    God:
Gold:   69         SH:  0    Dex: 12    Spells: 3/6 levels left

rFire   . . .        h - +0 spear (freeze)
rCold   . . .        (no shield)
rNeg    . . .        (helmet restricted)
rPois   .            c - amulet of regeneration
rElec   .            (no ring)
rCorr   .            (no ring)
SInv    .            (no ring)
Will    .....        (no ring)
Stlth   +++          (no ring)
HPRegen 1.03/turn    (no ring)
MPRegen 0.10/turn    (no ring)
                     (no ring)

%: no passive effects
@: no status effects
A: almost no armour, amphibious, 8 rings, camouflage 1, gelatinous body 1,
(nimble swimmer 1), tentacles
a: no special abilities


You were on level 2 of the Dungeon.
You visited 1 branch of the dungeon, and saw 2 of its levels.

You collected 69 gold pieces.

Inventory:

Hand Weapons
 f - a +0 whip
 h - a +0 spear of freezing (weapon)
Jewellery
 c - an amulet of regeneration (around mantle)
Scrolls
 b - 2 scrolls of noise
Potions
 a - a potion of magic


   Skills:
 + Level 2.1 Dodging
 + Level 3.4 Stealth
 + Level 0.4 Unarmed Combat
 + Level 2.4 Spellcasting
 + Level 1.1 Conjurations
 + Level 3.6 Fire Magic


You had 3 spell levels left.
You knew the following spells:

 Your Spells              Type           Power      Damage    Failure   Level
a - Foxfire               Conj/Fire      40%        2x1d6     7%          1
b - Scorch                Fire           28%        2d6       6%          2

Your spell library contained the following spells:

 Spells                   Type           Power      Damage    Failure   Level
 Inner Flame              Hex/Fire       8%         N/A       26%         3
 Volatile Blastmotes      Fire/Tloc      16%        2d11      26%         3
 Flame Wave               Conj/Fire      10%        2d6       56%         4


Dungeon Overview and Level Annotations

Branches:
Dungeon (2/15)

Altars:


Innate Abilities, Weirdness & Mutations

You cannot wear most types of armour.
You are amphibious.
You can wear up to eight rings at the same time.
Your skin changes colour to match your surroundings (Stealth+).
Your rubbery body absorbs attacks. (AC +1, EV +1)
((You are camouflaged when in or above water. (Stealth+)))
You have tentacles for arms and can constrict up to eight enemies at once.


Message History

Blink to where?
Press: ? - help, Dir - move target A frilled lizard comes into view.
As you read the scroll labelled BESAUTW TYCSED, it crumbles to dust.
It was a scroll of blinking.
You are engulfed in poison gas.
You are poisoned.
You feel very sick.
You feel a bit more experienced.
You feel very sick.
You feel very sick.
You feel a bit more experienced.
Found a scale mail.
You feel sick.
The frilled lizard attacks as it pursues you!
The frilled lizard bites you.
You feel sick.
Things that are here:
a +0 whip; a stone; a kobold corpse You miss the frilled lizard.
Your grab misses the frilled lizard. Your squeeze misses the frilled lizard.
You feel sick. The frilled lizard barely misses you.
You barely miss the frilled lizard. Your grab misses the frilled lizard.
You feel sick.
You feel a bit more experienced. The frilled lizard barely misses you.
The frilled lizard bites you.
* * * LOW HITPOINT WARNING * * *
Casting: Foxfire (safe; 7% risk of failure)
Confirm with . or Enter, or press ? or * to list all spells.
You don't have enough magic to cast this spell.
You barely miss the frilled lizard. Your grab misses the frilled lizard.
Your squeeze misses the frilled lizard.
You feel sick. The frilled lizard bites you.
* * * LOW HITPOINT WARNING * * *
You closely miss the frilled lizard. Your grab misses the frilled lizard.
Your squeeze misses the frilled lizard.
You feel sick. The frilled lizard bites you.
* * * LOW HITPOINT WARNING * * *
Casting: Foxfire (safe; 7% risk of failure)
Confirm with . or Enter, or press ? or * to list all spells.
You conjure some foxfire!
You feel sick.
You are no longer poisoned.
The frilled lizard bites you.
You die... ....g# #.# )ggJ#

#.# ...### #.# #.v.†#
#.#######.## # #
#.##......v##.# .[.
#.##(.......#..
.....#####.##☼°.........
......v@l..☼<.°.........
.....#####.##°☼.....##..
... #.##.......#... #
#.#######....#. #.#
#.....### ..# #......###
..# #......... ...
###....... #.......


You could see a frilled lizard (ally target).

Vanquished Creatures
  Robin (D:2)
  3 ball pythons (D:1)
  2 endoplasms (D:1)
  A giant cockroach (D:1)
  7 goblins
  6 hobgoblins
  A quokka (D:1)
  2 bats (D:1)
  A frilled lizard (D:1)
  2 kobolds
  2 rats
28 creatures vanquished.

Vanquished Creatures (others)
  42 foxfires (D:1)
42 creatures vanquished.

Grand Total: 70 creatures vanquished

Notes
Turn   | Place    | Note
-------+----------+-------------------------------------------
     0 | D:1      | PriceMaster the Octopode Fire Elementalist began the quest
                  | for the Orb.
     0 | D:1      | Reached XP level 1. HP: 11/11 MP: 3/3
   145 | D:1      | Reached XP level 2. HP: 17/17 MP: 5/5
   148 | D:1      | Learned a level 2 spell: Scorch
   967 | D:2      | Noticed Robin
   973 | D:2      | Reached XP level 3. HP: 17/21 MP: 1/6
   981 | D:2      | Killed Robin
   984 | D:2      | Slain by a frilled lizard

Illustrated notes

Levels and vault maps discovered:
D:1:      dpeg_arrival_arbitrary_b, layout_loops_cross
D:2:      layout_rooms, uniq_robin

Skill      XL: |  1  2 |
---------------+-------+-----
Stealth        | 3 |  3.4
Dodging        | |  2.1
Unarmed Combat | |  0.4
Spellcasting   | |  2.4
Conjurations   | |  1.1
Fire Magic     | |  3.6

Action                     || total
---------------------------++-------
  Melee: Unarmed           ||    20
         Tentacles         ||     7
         Constrict         ||     6
         Spear             ||     6
         Whip              ||     1
   Cast: Foxfire           ||    25
         Scorch            ||     2
    Use: Scroll            ||     5
   Stab: Sleeping          ||     6
 Armour: Skin              ||    13
  Dodge: Dodged            ||    23

Table legend: (Time is in decaauts)
 A = Elapsed time spent in this place.
 B = Non-inter-level travel time spent in this place.
 C = Inter-level travel time spent in this place.
 D = Time resting spent in this place.
 E = Time spent auto-exploring this place.
 F = Levels seen in this place.
 G = Mean time per level.
                   A        B        C        D        E       F      G
               +--------+--------+--------+--------+--------+-----+--------+
         Total |    983 |    936 |     47 |      0 |    769 |   2 |  491.5 |
       Dungeon |    983 |    936 |     47 |      0 |    769 |   2 |  491.5 |
               +--------+--------+--------+--------+--------+-----+--------+

Top non-repeatable levels by time:
     D:1: 915 daAuts
     D:2: 67 daAuts
